 Dungeon Crawl Stone Soup version 0.20-b1-12-g5827e59 (webtiles) character file.

1437 Exaltedone87 the Chopper (level 8, 0/73 HPs)
             Began as a Deep Dwarf Fighter on May 23, 2017.
             Was an Initiate of Makhleb.
             Slain by an orc warrior
             ... wielding a +0 glaive
              (23 damage)
             ... on level 6 of the Dungeon.
             The game lasted 00:11:22 (4192 turns).

Exaltedone87 the Chopper (Deep Dwarf Fighter)       Turns: 4192, Time: 00:11:23

Health: 0/73       AC: 14    Str: 23    XL:     8   Next: 45%
Magic:  5/5        EV:  8    Int:  8    God:    Makhleb [......]
Gold:   220        SH: 10    Dex: 12    Spells: 7/7 levels left

rFire    . . .     SeeInvis .   a - +0 war axe
rCold    . . .     Gourm    .   c - +0 shield
rNeg     . . .     Faith    .   l - +0 chain mail
rPois    .         Spirit   .   o - +2 helmet
rElec    .         Reflect  .   (no cloak)
rCorr    .         Harm     .   i - +0 pair of gloves
MR       ++...                  (no boots)
Stlth    ..........             n - amulet of rage
Regen    0.0/turn               y - ring of stealth
MPRegen  0.1/turn               t - ring of protection from magic

@: non-regenerating
A: damage resistance, heal wounds, sense surroundings 1, no regeneration
a: Heal Wounds, Renounce Religion, Evoke Berserk Rage


You were on level 6 of the Dungeon.
You worshipped Makhleb.
Makhleb was noncommittal.
You were hungry.

You visited 2 branches of the dungeon, and saw 7 of its levels.

You collected 220 gold pieces.

Inventory:

Hand Weapons
 a - a +0 war axe (weapon)
Armour
 c - a +0 shield (worn)
 i - a +0 pair of gloves (worn)
 l - a +0 chain mail (worn)
 o - a +2 helmet (worn)
Jewellery
 n - an amulet of rage (around neck)
 t - a ring of protection from magic (right hand)
 y - a ring of stealth (left hand)
 C - an uncursed ring of wizardry {unknown}
Wands
 k - a wand of confusion (22/48)
 z - a wand of paralysis (17/24)
 E - a wand of random effects (24/48)
Scrolls
 b - a scroll of teleportation
 e - 3 scrolls of fear
 p - a scroll of noise {unknown}
 s - a scroll of magic mapping
 w - a scroll of blinking {unknown}
 x - a scroll of amnesia
 A - 3 scrolls of identify
 F - 2 scrolls of remove curse {unknown}
 G - a scroll of enchant weapon {unknown}
Potions
 d - a potion of might
 g - a potion of ambrosia
 j - a potion of flight
 m - a potion of agility {unknown}
 q - 3 potions of curing
 u - a potion of degeneration {unknown}
 B - a potion of brilliance {unknown}
 D - a potion of heal wounds {unknown}
Books
 r - a book of Maledictions

   Spells                             Type                      Level
   a - Corona                         Hexes                        1
   b - Ensorcelled Hibernation        Hexes/Ice                    2
   c - Confuse                        Hexes                        3
   d - Tukima's Dance                 Hexes                        3
   e - Dazzling Spray                 Conjuration/Hexes            3
Comestibles
 f - 8 bread rations
 h - 3 royal jellies
 v - 3 meat rations


   Skills:
 + Level 4.7 Fighting
 * Level 7.1 Axes
 + Level 5.6 Armour
 + Level 4.2 Dodging
 + Level 5.6 Shields
 + Level 0.3 Invocations
 + Level 0.0 Evocations


You had 7 spell levels left.
You didn't know any spells.

Dungeon Overview and Level Annotations

Branches:
Dungeon (6/15)             Temple (1/1) D:5

Altars:
Dithmenos
Elyvilon
Fedhas
Gozag
Hepliaklqana
Kikubaaqudgha
Makhleb
Nemelex Xobeh
Qazlal
Sif Muna
Trog
Uskayaw
Vehumet
Xom
Yredelemnul
Zin
The Shining One

Shops:
D:6 }


Innate Abilities, Weirdness & Mutations

You are resistant to damage.
You can heal yourself by infusing magical energy.
You passively map a small area around you.
You do not regenerate.


Message History

Reactivating autopickup.
Your Axes skill increases to level 7!
You feel a bit more experienced.
You hit something. Makhleb accepts your kill.
You feel a bit more experienced.
You slash the orc!
You kill the orc!
Makhleb accepts your kill. You block the orc warrior's attack.
You slash the orc!
You kill the orc!
Makhleb accepts your kill. You block the orc warrior's attack.
You block the orc warrior's attack.
There is an open door here.
Items here: ) [ †† a dagger; a robe; an orc corpse x2
You closely miss the orc warrior.
The orc warrior hits you with a glaive!!
You die...

, #...#.....#######.
#...#.....'.....#. ,
#...#.....#.....'. * , ,
#...#.....#.....#. , ,
,,#...#.....#....##. , , ,
,#...#.....#....### ,
,#...#.....#.....#. , ,
#.).#.....#.....#. * ,,
,#@###.....#....##. , ,
,........o......##....##.
...............#......#. , ,
...............#.....##.
...............#.....##. ,
..................+......))
..................#.....##.
,
..................#.....##.
*.........##########.....'..


You could see an orc warrior.

Vanquished Creatures
  An orc warrior (D:6)
  A black bear (D:5)
  A sky beast (D:5)
  3 ogres
  2 bullfrogs
  The ghost of holmedog the Skirmisher, a weakling MiAK of Lugonu (D:3)
  A jelly (D:6)
  2 hounds
  2 orc priests
  Jessica (D:2)
  Terence (D:2)
  Natasha (thrice) (D:4)
  6 orc wizards
  3 worker ants
  A hound skeleton (D:6)
  Robin (D:3)
  5 adders
  2 oozes (D:3)
  An adder skeleton (D:5)
  An adder zombie (D:5)
  2 worms
  4 dart slugs
  5 leopard geckos
  26 orcs
  2 giant cockroaches
  13 goblins
  11 hobgoblins
  2 jackals (D:1)
  8 kobolds
  2 quokkas
  7 bats
  3 frilled lizards
  A jackal skeleton (D:4)
  8 rats
133 creatures vanquished.

Vanquished Creatures (others)
  A rat (D:5)
1 creature vanquished.

Grand Total: 134 creatures vanquished

Notes
Turn   | Place    | Note
-------+----------+-------------------------------------------
     0 | D:1      | Exaltedone87 the Deep Dwarf Fighter began the quest for the Orb.
     0 | D:1      | Reached XP level 1. HP: 20/20 MP: 1/1
   201 | D:1      | Reached XP level 2. HP: 25/27 MP: 2/2
   497 | D:1      | Reached XP level 3. HP: 24/34 MP: 3/3
   671 | D:2      | Noticed Terence
   671 | D:2      | Noticed Jessica
   688 | D:2      | Killed Jessica
   688 | D:2      | Reached skill level 1 in Dodging
   695 | D:2      | Killed Terence
   695 | D:2      | Reached skill level 3 in Axes
   695 | D:2      | Reached XP level 4. HP: 40/42 MP: 4/4
  1193 | D:2      | Found a shadowy altar of Dithmenos.
  1252 | D:3      | Reached XP level 5. HP: 44/49 MP: 5/5
  1302 | D:3      | Noticed holmedog's ghost (weakling MiAK)
  1315 | D:3      | Killed holmedog's ghost
  1315 | D:3      | Reached skill level 4 in Axes
  1322 | D:3      | Found a radiant altar of Vehumet.
  1323 | D:3      | Noticed Robin
  1342 | D:3      | Killed Robin
  1406 | D:3      | Found a white marble altar of Elyvilon.
  1740 | D:3      | Found a shimmering altar of Xom.
  1970 | D:4      | Reached XP level 6. HP: 37/56 MP: 5/5
  2038 | D:4      | Noticed Natasha
  2050 | D:4      | Killed Natasha
  2083 | D:4      | Reached skill level 5 in Axes
  2192 | D:4      | Reached XP level 7. HP: 21/63 MP: 6/6
  2205 | D:4      | Noticed Natasha
  2211 | D:4      | Killed Natasha
  2474 | D:4      | Reached skill level 5 in Armour
  2578 | D:4      | Noticed Natasha
  2593 | D:4      | Killed Natasha
  2939 | D:5      | Entered Level 5 of the Dungeon
  3139 | D:5      | Reached skill level 6 in Axes
  3139 | D:5      | Reached skill level 5 in Shields
  3271 | D:5      | Found a staircase to the Ecumenical Temple.
  3280 | Temple   | Entered the Ecumenical Temple
  3330 | Temple   | Became a worshipper of Makhleb the Destroyer
  3683 | D:5      | Found a glowing silver altar of Zin.
  3683 | D:5      | Found a basalt altar of Yredelemnul.
  3735 | D:5      | Reached XP level 8. HP: 48/73 MP: 6/6
  4143 | D:6      | Found Agroteod's Gadget Shoppe.
  4188 | D:6      | Reached skill level 7 in Axes
  4192 | D:6      | Slain by an orc warrior

Skill      XL: |  1  2  3  4  5  6  7  8 |
---------------+-------------------------+-----
Fighting       | 3 4 |  4.7
Dodging        | 1 2 3 4 |  4.2
Axes           | 3 4 5 6 7 |  7.1
Shields        | 4 5 |  5.6
Armour         | 4 5 |  5.6
Invocations    | |  0.3

Action                   |  1- 3 |  4- 6 |  7- 9 || total
-------------------------+-------+-------+-------++-------
Melee: War axe           |    86 |   195 |   203 ||   484
 Abil: Heal Wounds       |     1 |     3 |     7 ||    11
  Use: Scroll            |       |     8 |     1 ||     9
       Potion            |       |     1 |     3 ||     4
  Eat: Chunk             |       |     5 |     6 ||    11
Armor: Scale mail        |    39 |       |       ||    39
       Chain mail        |       |   118 |   113 ||   231
Dodge: Dodged            |    28 |    63 |    49 ||   140
Block: Shield            |    42 |   131 |   107 ||   280
